 Dungeon Crawl Stone Soup version 0.29-a0-284-gf9362112df (webtiles) character file.

Game seed: 11418170078019395244

57 siradein the Ruffian (level 3, 0/29 HPs)
             Began as a Draconian Transmuter on Mar 15, 2022.
             Slain by a gnoll shaman
             ... wielding a +0 whip
              (11 damage)
             ... on level 2 of the Dungeon.
             The game lasted 00:05:42 (1332 turns).

siradein the Ruffian (Draconian Transmuter)         Turns: 1332, Time: 00:05:42

Health: 0/29       AC:  6    Str: 12    XL:     3   Next: 73%
Magic:  6/6        EV: 16    Int: 15    God:
Gold:   110        SH:  0    Dex: 11    Spells: 0/6 levels left

rFire   . . .      SeeInvis .     - Unarmed
rCold   . . .      Faith    .   (no shield)
rNeg    . . .      Spirit   .   (body armour unavailable)
rPois   +          Reflect  .   (helmet currently unavailable)
rElec   .          Harm     .   (no cloak)
rCorr   .          Rampage  .   i - +0 pair of gloves
Will    .....                   (boots currently unavailable)
Stlth   +.........              j - amulet of magic regeneration
HPRegen 0.09/turn               f - ring of poison resistance
MPRegen 0.50/turn               g - +4 ring of evasion

@: appendages, wereblooded
A: horns 2, talons 2, AC +5, unfitting armour, cold-blooded
a: End Transformation


You were on level 2 of the Dungeon.
You had temporarily grown beastly horns and talons.
You visited 1 branch of the dungeon, and saw 2 of its levels.

You collected 230 gold pieces.
You spent 120 gold pieces at shops.

Inventory:

Armour
 i - a +0 pair of gloves (worn)
Jewellery
 f - a ring of poison resistance (left hand)
 g - a +4 ring of evasion (right hand)
 j - an amulet of magic regeneration (around neck)
Scrolls
 b - a scroll of magic mapping {unknown}
 d - a scroll of identify {unknown}
 h - a scroll of vulnerability {unknown}
Potions
 a - a potion of lignification
 c - a potion of heal wounds {unknown}
 e - a potion of ambrosia {unknown}


   Skills:
 + Level 2.0 Fighting
 + Level 2.2 Dodging
 + Level 3.3 Unarmed Combat
 + Level 2.4 Spellcasting
 + Level 2.5 Transmutations
 + Level 0.0 Poison Magic


You couldn't memorise any spells.
You knew the following spells:

 Your Spells              Type           Power      Damage    Failure   Level
a - Beastly Appendage     Tmut           18%        N/A       8%          1
b - Wereblood             Tmut           9%         N/A       12%         2
c - Spider Form           Tmut/Pois      5%         N/A       36%         3

Your spell library contained the following spells:

 Spells                   Type           Power      Damage    Failure   Level
 Gell's Gravitas          Tloc           1%         N/A       54%         3
 Lesser Beckoning         Tloc           1%         N/A       54%         3
 Teleport Other           Tloc           1%         N/A       54%         3
 Ice Form                 Ice/Tmut       5%         N/A       77%         4


Dungeon Overview and Level Annotations

Branches:
Dungeon (2/15)

Altars:

Shops:
D:2 *


Innate Abilities, Weirdness & Mutations

You have temporarily grown beastly horns and talons.
Your plain brown scales are hard. (AC +5)
You cannot fit into any form of body armour.
You are cold-blooded and may be slowed by cold attacks.


Message History

The gnoll shaman shouts!
You hear a shout!
The gnoll shouts!
A gnoll comes into view. It is wielding a +0 spear.
The gnoll shouts!
Casting: Beastly Appendage (safe; 8% risk of failure)
Confirm with . or Enter, or press ? or * to list all spells.
Your blood is infused with primal strength.
You miscast Beastly Appendage.
You are very lightly contaminated with residual magic.
Nothing appears to happen.
A gnoll comes into view. It is wielding a +1 halberd of flaming.
Your horns disappear.
Your talons disappear.
The gnoll shouts!
You hear a shout!
A gnoll comes into view. It is wielding a +0 whip.
You closely miss the gnoll shaman.
The gnoll shaman hits you with a +0 whip!
You hit the gnoll shaman but do no damage.
The gnoll shaman calls upon its god to speed up the gnoll.
The gnoll seems to speed up.
You closely miss the gnoll shaman.
The gnoll shaman hits you with a +0 whip.
You barely miss the gnoll shaman. The gnoll shaman closely misses you.
You hit the gnoll shaman.
The gnoll shaman is lightly wounded.
The gnoll shaman hits you with a +0 whip.
You are too injured to fight recklessly!
You are too injured to fight recklessly!
Casting: Beastly Appendage (safe; 8% risk of failure)
Confirm with . or Enter, or press ? or * to list all spells.
You grow a pair of large bovine horns.
Your feet morph into talons.
The gnoll shaman barely misses you.
Your magical contamination has completely faded away.
You closely miss the gnoll shaman. You claw the gnoll shaman.
You headbutt the gnoll shaman, but do no damage.
The gnoll shaman is moderately wounded.
The gnoll shaman closely misses you.
You hit the gnoll shaman but do no damage.
Your kick misses the gnoll shaman.
The gnoll shaman is moderately wounded.
The gnoll shaman hits you with a +0 whip!
You die...

#.##..........#
##†##.##########
##...#.#
#.###......#
#..........#
#####.....##
##...##
##########.##
..ggggg@...#
############


You could see a gnoll shaman and 4 gnolls.

Vanquished Creatures
  2 gnolls
  An adder (D:2)
  2 dart slugs (D:1)
  4 ball pythons
  A giant cockroach (D:1)
  3 goblins (D:1)
  3 hobgoblins (D:1)
  A kobold (D:1)
  2 quokkas
  A bat (D:1)
  2 frilled lizards (D:1)
  5 rats
27 creatures vanquished.

Notes
Turn   | Place    | Note
-------+----------+-------------------------------------------
     0 | D:1      | siradein the Draconian Transmuter began the quest for the
                  | Orb.
     0 | D:1      | Reached XP level 1. HP: 16/16 MP: 3/3
   286 | D:1      | Reached XP level 2. HP: 19/23 MP: 3/5
   851 | D:2      | Reached XP level 3. HP: 28/29 MP: 4/6
  1220 | D:2      | Found Komoenisk's Assorted Antiques.
  1244 | D:2      | Bought a small malachite amulet for 120 gold pieces
  1310 | D:2      | Learned a level 2 spell: Wereblood
  1314 | D:2      | Learned a level 3 spell: Spider Form
  1332 | D:2      | Slain by a gnoll shaman

Illustrated notes

Levels and vault maps discovered:
D:1:      dpeg_arrival_rooms_with_view, layout_loops_ring, minmay_tiny_reverse_x
D:2:      minmay_recursive_quarters, layout_loops_ring, serial_shops, shop_coins

Skill      XL: |  1  2  3 |
---------------+----------+-----
Dodging        | 2 |  2.2
Fighting       | 2 |  2.0
Unarmed Combat | |  3.3
Spellcasting   | |  2.4
Transmutations | |  2.5

Action                   || total
-------------------------++-------
Melee: Unarmed           ||    67
       Headbutt          ||     7
       Tailslap          ||     6
       Kick              ||    14
 Cast: Beastly Appendage ||    22
       Wereblood         ||     1
 Stab: Sleeping          ||     1
Armor: Skin              ||    11
Dodge: Dodged            ||    39

Table legend: (Time is in decaauts)
 A = Elapsed time spent in this place.
 B = Non-inter-level travel time spent in this place.
 C = Inter-level travel time spent in this place.
 D = Time resting spent in this place.
 E = Time spent auto-exploring this place.
 F = Levels seen in this place.
 G = Mean time per level.
                   A        B        C        D        E       F      G
               +--------+--------+--------+--------+--------+-----+--------+
         Total |   1328 |   1309 |     19 |    171 |    807 |   2 |  664.0 |
       Dungeon |   1328 |   1309 |     19 |    171 |    807 |   2 |  664.0 |
               +--------+--------+--------+--------+--------+-----+--------+

Top non-repeatable levels by time:
     D:1: 1140 daAuts
     D:2: 188 daAuts
